 Dungeon Crawl Stone Soup version 0.30-a0-266-g2b27a225a3 (webtiles) character file.

Game seed: 18099737613343831650

81 Harunobu the Trooper (level 4, -1/29 HPs)
             Began as a Gargoyle Monk on Oct 14, 2022.
             Slain by Jessica
             ... wielding a +0 dagger of venom
              (2 damage)
             ... on level 2 of the Dungeon.
             The game lasted 00:02:40 (1459 turns).

Harunobu the Trooper (Gargoyle Monk)                Turns: 1459, Time: 00:02:41

Health: -1/29      AC:  8    Str: 17    XL:     4   Next: 40%
Magic:  4/4        EV: 11    Int: 10    God:
Gold:   48         SH:  0    Dex: 12    Spells: 3/3 levels left

rFire   . . .      SeeInvis .    e - +1 dagger (venom)
rCold   . . .      Faith    .    (no shield)
rNeg    + . .      Spirit   .    i - +0 ring mail
rPois   ∞          Reflect  .    (no helmet)
rElec   +          Harm     .    (no cloak)
rCorr   .          Rampage  .    (no gloves)
Will    .....                    (no boots)
Stlth   +.........               (no amulet)
HPRegen 0.24/turn                (no ring)
MPRegen 0.09/turn                (no ring)

@: attractive
A: sickness immunity, AC +3, negative energy resistance 1, electricity
resistance, torment resistance 1, petrification resistance
a: no special abilities


You were on level 2 of the Dungeon.
You visited 1 branch of the dungeon, and saw 2 of its levels.

You collected 48 gold pieces.

Inventory:

Hand Weapons
 a - a +0 mace
 e - a +1 dagger of venom (weapon)
Armour
 b - a +0 robe
 i - a +0 ring mail (worn)
Jewellery
 n - a ring of positive energy
Scrolls
 d - a scroll of teleportation {unknown}
 f - 2 scrolls of magic mapping {unknown}
 g - 3 scrolls of identify {unknown}
 l - a scroll of poison {unknown}
 m - a scroll of silence {unknown}
 o - a scroll of immolation {unknown}
Potions
 c - a potion of ambrosia
 j - a potion of attraction
 k - a potion of degeneration {unknown}


   Skills:
 * Level 4.1 Fighting
 * Level 3.8 Maces & Flails
 + Level 1.0 Armour
 + Level 2.8 Dodging
 + Level 2.5 Stealth


You had 3 spell levels left.
You didn't know any spells.
Your spell library contained the following spells:

 Spells                   Type           Power      Damage    Failure   Level
 Foxfire                  Conj/Fire      0%         2x1d4     56%         1
 Fireball                 Conj/Fire      0%         3d3       100%        5
 Starburst                Conj/Fire      0%         6d3       100%        6


Dungeon Overview and Level Annotations

Branches:
Dungeon (2/15)

Altars:

Shops:
D:2 :

Annotations:
D:2 Jessica


Innate Abilities, Weirdness & Mutations

You are immune to sickness and miasma.
Your stone body is resilient. (AC +3)
You are immune to poison.
You resist negative energy. (rN+)
You are resistant to electric shocks. (rElec)
You are resistant to unholy torment.
You are immune to petrification.


Message History

You kill the goblin!
The hobgoblin no longer looks unusually strong.
Jessica gestures at you while chanting. Pain shoots through your body!
Things that are here:
a +0 short sword; a +0 animal skin; a +0 helmet Jessica mumbles some strange words.
Jessica blinks!
The hobgoblin hits you.
You hit the hobgoblin but do no damage.
The hobgoblin is poisoned.
The hobgoblin barely misses you. The goblin hits you with a +0 club.
You hit the goblin.
The goblin is moderately wounded.
You kill the hobgoblin!
The goblin barely misses you.
Your Armour skill increases to level 1!
The goblin misses you. Jessica gestures at you while chanting.
Pain shoots through your body!
* * * LOW HITPOINT WARNING * * *
Jessica attacks as you move away! Jessica barely misses you.
You hit Jessica.
Jessica is lightly wounded.
Jessica hits you with a +0 dagger of venom.
* * * LOW HITPOINT WARNING * * *
Jessica shouts, "I don't like beings like you!"
Jessica gestures at you while chanting. Pain shoots through your body!
* * * LOW HITPOINT WARNING * * *
It was a potion of attraction.
You feel attractive to monsters. Jessica barely misses you.
The goblin hits you but does no damage.
The hobgoblin hits you but does no damage.
It was a potion of curing.
You feel better.
Jessica hits you with a +0 dagger of venom.
* * * LOW HITPOINT WARNING * * *
The goblin hits you with a +0 club.
* * * LOW HITPOINT WARNING * * *
Jessica hits you with a +0 dagger of venom.
You die...

######### #.......# ####.......#
...........# ⌠...⌠......# ....#
..∩........# #....# ⌠...⌠......#
####### #....#
...........####.gg..######....###
................@@..).)>#.......#
###############.....###.#.......#
....[## #.......#.#.......#
......# #..†..........†...#
....#.# #.....#...........# ....#
#.................# ....#
#.....##..........# .......
#...(.##..........# ........
#.....##.......####


You could see Jessica (fast), a hobgoblin and a goblin.

Vanquished Creatures
  Robin (D:2)
  An adder (D:2)
  A gnoll (D:1)
  2 dart slugs
  A ball python (D:1)
  6 bats
  2 endoplasms (D:2)
  A giant cockroach (D:1)
  9 goblins
  4 hobgoblins
  3 jackals (D:1)
  2 quokkas
  A frilled lizard (D:1)
  4 kobolds (D:1)
  6 rats (D:1)
44 creatures vanquished.

Vanquished Creatures (others)
  9 plants (D:1)
9 creatures vanquished.

Grand Total: 53 creatures vanquished

Notes
Turn   | Place    | Note
-------+----------+-------------------------------------------
     0 | D:1      | Harunobu the Gargoyle Monk began the quest for the Orb.
     0 | D:1      | Reached XP level 1. HP: 14/14 MP: 1/1
   156 | D:1      | Reached XP level 2. HP: 7/19 MP: 2/2
   494 | D:1      | Reached XP level 3. HP: 24/24 MP: 3/3
  1292 | D:2      | Found Wolywk's Vocational Training.
  1385 | D:2      | Noticed Robin
  1411 | D:2      | Reached skill level 4 in Fighting
  1411 | D:2      | Reached XP level 4. HP: 19/29 MP: 4/4
  1417 | D:2      | Noticed Jessica
  1447 | D:2      | Killed Robin
  1454 | D:2      | Reached skill level 1 in Armour
  1457 | D:2      | HP: 1/29 [Jessica/nerve-wracking pain (7)]
  1459 | D:2      | Slain by Jessica

Illustrated notes

Levels and vault maps discovered:
D:1:      nicolae_arrival_somewhat_less_tricky_arrival, layout_loops_ring,
          nicolae_grassy_gnolls
D:2:      layout_basic, basic_altar, nicolae_shop_vocational, uniq_robin,
          uniq_jessica, uniq_crazy_yiuf_cottage

Skill      XL: |  1  2  3  4 |
---------------+-------------+-----
Fighting       | 4 |  4.1
Armour         | 1 |  1.0
Maces & Flails | |  3.8
Dodging        | |  2.8
Stealth        | |  2.5

Action                   |  1- 3 |  4- 6 || total
-------------------------+-------+-------++-------
Melee: Mace              |    12 |       ||    12
       Dagger            |    98 |    21 ||   119
  Use: Potion            |       |     2 ||     2
 Stab: Sleeping          |     2 |       ||     2
Armor: Robe              |     7 |       ||     7
       Ring mail         |    54 |    13 ||    67
Dodge: Dodged            |    88 |    20 ||   108

Table legend: (Time is in decaauts)
 A = Elapsed time spent in this place.
 B = Non-inter-level travel time spent in this place.
 C = Inter-level travel time spent in this place.
 D = Time resting spent in this place.
 E = Time spent auto-exploring this place.
 F = Levels seen in this place.
 G = Mean time per level.
                   A        B        C        D        E       F      G
               +--------+--------+--------+--------+--------+-----+--------+
         Total |   1461 |   1449 |     12 |    338 |    672 |   2 |  730.5 |
       Dungeon |   1461 |   1449 |     12 |    338 |    672 |   2 |  730.5 |
               +--------+--------+--------+--------+--------+-----+--------+

Top non-repeatable levels by time:
     D:1: 1222 daAuts
     D:2: 238 daAuts
